 Dungeon Sprint DCSS version 0.27.1-1-g398f81649c (webtiles) character file.

Game seed: 1712911367108186850

104 styxcanada the Covert (level 4, -5/34 HPs)
             Began as a Spriggan Brigand on Sept 10, 2021.
             Slain by a water elemental (11 damage)
             ... in the Dungeon (Sprint III: "The Ten Rune Challenge").
             The game lasted 00:03:04 (277 turns).

styxcanada the Covert (Spriggan Brigand)             Turns: 277, Time: 00:03:04

Health: -5/34      AC:  3    Str:  7    XL:     4   Next: 52%
Magic:  9/9        EV: 18    Int: 12    God:
Gold:   10         SH:  0    Dex: 17    Spells: 9/9 levels left

rFire    . . .     SeeInvis +   a - +2 dagger
rCold    . . .     Faith    .   (shield restricted)
rNeg     . . .     Spirit   .   b - +0 robe
rPois    .         Reflect  .   (helmet restricted)
rElec    .         Harm     .   c - +0 cloak
rCorr    .         Rampage  .   (gloves unavailable)
Will     .....     NoTele   +   (boots unavailable)
Stlth    ..........             (no amulet)
HPRegen  0.11/turn              (no ring)
MPRegen  0.11/turn              (no ring)

@: berserking, engulfed (cannot breathe), very quick
A: very small, no large weapons, unfitting armour, see invisible, speed 3
a: no special abilities


You were in the Dungeon.
You visited 1 branch You collected 10 gold pieces.

Inventory:

Hand Weapons
 a - a +2 dagger (weapon)
Missiles
 d - 5 poisoned darts (quivered)
 p - 2 curare-tipped darts
Armour
 b - a +0 robe (worn)
 c - a +0 cloak (worn)
Scrolls
 e - a scroll of immolation
 k - a scroll of blinking
 l - 2 scrolls of identify
 o - a scroll of holy word
Potions
 f - 2 potions of curing
 g - a potion of heal wounds
 h - a potion of haste
 i - 2 potions of magic
 m - 3 potions of flight
 n - 5 potions of mutation


   Skills:
 * Level 2.6 Fighting
 + Level 2.8 Short Blades
 + Level 2.4 Throwing
 * Level 4.0 Dodging
 * Level 12.2 Stealth
 * Level 3.3 Spellcasting


You had 9 spell levels left.
You didn't know any spells.
Your spell library contained the following spells:

 Spells                   Type           Power      Damage    Failure   Level
 Ensorcelled Hibernation  Hex/Ice        2%         N/A       36%         2
 Spider Form              Tmut/Pois      0%         N/A       58%         3
 Shadow Creatures         Summ           N/A        N/A       100%        6


Dungeon Overview and Level Annotations

Branches:
Dungeon (1/1)

Altars:


Innate Abilities, Weirdness & Mutations

You are very small and have problems with some larger weapons.
You are too small for most types of armour.
You have supernaturally acute eyesight. (SInv)
You cover ground extremely quickly. (Speed+++)


Message History

n - 2 potions of mutation
n - 3 potions of mutation (gained 1);
o - a scroll labelled KIEKOY VISIUG
l - 4 scrolls of identify (gained 2);
n - 5 potions of mutation (gained 2)
m - 3 potions of flight (gained 1)
As you read the scroll of identify, it crumbles to dust.
e - a scroll of immolation
As you read the scroll of identify, it crumbles to dust.
o - a scroll of holy word You start resting.
HP restored.
There is an open door here.
d - 5 poisoned darts (gained 1)
p - a curare-tipped dart
p - 2 curare-tipped darts (gained 1)
You open the door.
A water elemental comes into view.
There is an open door to the Ecumenical Temple here.
The water elemental misses you.
You closely miss the water elemental. You hit the water elemental.
The water elemental is lightly damaged.
The water elemental misses you.
A red film seems to cover your vision as you go berserk!
You feel yourself moving faster!
You feel mighty! The water elemental hits you!
You puncture the water elemental!
The water elemental is moderately damaged.
The water elemental misses you.
You hit the water elemental.
The water elemental is heavily damaged.
You hit the water elemental.
The water elemental is severely damaged.
The water elemental hits you!
* * * LOW HITPOINT WARNING * * *
The water elemental engulfs you in water!
You puncture the water elemental!
The water elemental is almost destroyed.
* * * LOW HITPOINT WARNING * * *
Your lungs strain for air!
The water elemental hits you!
You die...

▓▓▓▓▓▓ ▓▓▓ .#[..####
##.# .#......#####..#
##.......#..#..#
.##.##..)#..#..###+#+###
.##.###..##'#..#........
####.##..###...'.⌠......
##..##..####...#@..####
....##..###....#.E.#
#..##...##.....#...#
..##....#......#+###
.###..##.#.....# .#
#..#####....# ▓▓ ▓▓▓▓
▓▓▓▓▓▓


You could see a water elemental.

Vanquished Creatures
  A scorpion (D)
  Jessica (D)
  A human (D)
  An endoplasm (D)
  A rat (D)
5 creatures vanquished.

Notes
Turn   | Place    | Note
-------+----------+-------------------------------------------
     0 | D        | styxcanada the Spriggan Brigand began the quest for the
                  | Orb.
     0 | D        | Reached XP level 1. HP: 10/10 MP: 2/2
    10 | D        | Reached skill level 6 in Stealth
    24 | D        | Noticed Jessica
    28 | D        | Killed Jessica
    29 | D        | Reached skill level 9 in Stealth
    29 | D        | Reached skill level 1 in Spellcasting
    29 | D        | Reached XP level 2. HP: 15/15 MP: 2/5
    71 | D        | Noticed a scorpion
    74 | D        | Killed a scorpion
    75 | D        | Reached skill level 11 in Stealth
    75 | D        | Reached XP level 3. HP: 19/19 MP: 6/8
    75 | D        | Reached XP level 4. HP: 23/23 MP: 6/9
   151 | D        | Reached skill level 12 in Stealth
   268 | D        | Noticed a water elemental
   277 | D        | Slain by a water elemental

Illustrated notes

Levels and vault maps discovered:
D:        dungeon_sprint_mu [sprint_mu_entry_cave, sprint_mu_temple_rooms,
          sprint_mu_d1_spiders, sprint_mu_d2_genie, sprint_mu_d3_branching,
          sprint_mu_orc_legion, sprint_mu_elf_gauntlet, sprint_mu_hive_nellie,
          sprint_mu_lair_fedhas, sprint_mu_vaults_butterflies,
          sprint_mu_slime_circle, sprint_mu_shoals_kraken,
          sprint_mu_snake_twists, sprint_mu_blade_basic,
          sprint_mu_crypt_fortress, sprint_mu_tomb_spiral,
          sprint_mu_vestibule_basic, sprint_mu_gehenna_hellfire,
          sprint_mu_dis_giant, sprint_mu_tartarus_statrot,
          sprint_mu_cocytus_islands, sprint_mu_zot1]

Skill      XL: |  1  2  3  4 |
---------------+-------------+-----
Stealth        | 9 11 12 | 12.2
Fighting       | 2 |  2.6
Dodging        | 2 3 4 |  4.0
Spellcasting   | 1 2 3 |  3.3
Short Blades   | |  2.8
Throwing       | |  2.4

Action                   |  1- 3 |  4- 6 || total
-------------------------+-------+-------++-------
Melee: Dagger            |     4 |    13 ||    17
Throw: Dart              |       |    15 ||    15
  Use: Scroll            |       |     2 ||     2
       Potion            |       |     1 ||     1
 Stab: Sleeping          |     4 |       ||     4
Dodge: Dodged            |       |     9 ||     9
